 Dungeon Crawl Stone Soup version 0.29.1-1-gd02db6906a (webtiles) character file.

Game seed: 5208839227615088170

2185 pacmanke6689 the Covered (level 9, -2/68 HPs)
             Began as a Formicid Fighter on Sept 27, 2022.
             Was a Follower of Okawaru.
             Slain by Joseph
             ... wielding a +0 quarterstaff
              (13 damage)
             ... on level 7 of the Dungeon.
             The game lasted 00:15:42 (6881 turns).

pacmanke6689 the Covered (Formicid Fighter)         Turns: 6881, Time: 00:15:43

Health: -2/68      AC: 11    Str: 23    XL:     9   Next: 59%
Magic:  6/10       EV: 15    Int:  8    God:    Okawaru [*.....]
Gold:   488        SH:  6    Dex: 15    Spells: 11/12 levels left

rFire   . . .      SeeInvis +   n - +5 trident
rCold   . . .      Faith    .   c - +0 buckler
rNeg    . . .      Spirit   .   b - +0 scale mail
rPois   .          Reflect  .   (helmet unavailable)
rElec   .          Harm     .   w - +0 cloak
rCorr   .          Rampage  .   u - +1 pair of gloves
Will    .....                   (no boots)
Stlth   ..........              (no amulet)
HPRegen 0.21/turn               o - +4 ring of evasion
MPRegen 0.12/turn               (no ring)

@: very slightly contaminated
A: permanent stasis, dig shafts and tunnels, antennae 3, four strong arms,
hooves 1, low MP 1
a: Dig, Shaft Self, Renounce Religion, Heroism


You were on level 7 of the Dungeon.
You worshipped Okawaru.
Okawaru was aware of your devotion.
You visited 1 branch of the dungeon, and saw 7 of its levels.

You collected 488 gold pieces.

Inventory:

Hand Weapons
 n - a +5 trident (weapon)
Armour
 b - a +0 scale mail (worn)
 c - a +0 buckler (worn)
 u - a +1 pair of gloves (worn)
 w - a +0 cloak (worn)
Jewellery
 e - a ring of protection from fire
 f - a ring of protection from fire
 o - a +4 ring of evasion (left hand)
 p - a ring of resist corrosion
Wands
 r - a wand of flame (18)
 x - a wand of mindburst (9)
Scrolls
 g - 2 scrolls of identify
 j - 2 scrolls of fog
 k - a scroll of noise
 q - a scroll of amnesia
Potions
 a - a potion of degeneration {unknown}
 d - a potion of might
 h - a potion of attraction
 i - a potion of haste
 l - 2 potions of flight
 m - 2 potions of resistance


   Skills:
 + Level 5.0 Fighting
 + Level 5.9(6.6) Polearms
 + Level 4.3(5.8) Staves
 + Level 6.8 Armour
 + Level 3.8 Dodging
 + Level 0.5 Stealth
 + Level 6.6 Shields
 + Level 2.0 Spellcasting
 + Level 1.8 Conjurations
 + Level 1.0 Air Magic


You had 11 spell levels left.
You knew the following spells:

 Your Spells              Type           Power      Damage    Failure   Level
a - Shock                 Conj/Air       12%        1d3       50%         1

Your spell library contained the following spells:

 Spells                   Type           Power      Damage    Failure   Level
 Gell's Gravitas          Tloc           0%         N/A       96%         3
 Lesser Beckoning         Tloc           0%         N/A       96%         3
 Teleport Other           Tloc           0%         N/A       96%         3
 Airstrike                Air            1%         2d(1-17)  100%        4
 Dispersal                Tloc           0%         N/A       100%        6
 Swiftness                Air            Unusable   N/A       N/A         3

Dungeon Overview and Level Annotations

Branches:
Dungeon (7/15)             Temple (0/1) D:6

Altars:
Dithmenos
Makhleb
Okawaru
Qazlal

Annotations:
D:7 Joseph


Innate Abilities, Weirdness & Mutations

You cannot be hasted, slowed, berserked, paralysed or teleported.
You can dig through walls and to a lower floor.
You have a pair of large antennae on your head. (SInv)
Your four strong arms can wield two-handed weapons with a shield.
You have large cloven feet.
Your magical capacity is low. (-10% MP)


Message History

The sling bullet barely misses you.
You miscast Shock.
Nothing appears to happen.
Joseph shoots a sling bullet.
You block the sling bullet.
The zap misses Joseph.
Joseph shoots a sling bullet.
The sling bullet hits you!
You are too injured to fight recklessly!
You are too injured to fight recklessly!
You are too injured to fight recklessly!
You feel much better.
Joseph shoots a sling bullet.
The sling bullet misses you.
Joseph shoots a sling bullet.
The sling bullet hits you!
Joseph shoots a sling bullet.
You block the sling bullet.
You feel better.
Joseph shoots a sling bullet.
The sling bullet hits you!
You feel better.
Joseph shoots a sling bullet.
The sling bullet hits you.
Joseph shoots a sling bullet.
The sling bullet completely misses you.
Reach: n) +5 trident
Press: ? - help, Dir - move target, f/p - Joseph
Aim: Joseph, wielding a +0 sling and wearing a +0 leather armour (lightly wounded, about 32% to evade your +5 trident)
You reach to attack!
You closely miss Joseph.
Joseph is lightly wounded.
Joseph shoots a sling bullet.
The sling bullet barely misses you.
Unknown command.
Reach: n) +5 trident
Press: ? - help, Dir - move target, f/p - Joseph
Aim: Joseph, wielding a +0 sling and wearing a +0 leather armour (lightly wounded, about 32% to evade your +5 trident)
You reach to attack!
You puncture Joseph!
Joseph is lightly wounded.
Joseph shoots a sling bullet.
The sling bullet barely misses you.
Joseph unwields a +0 sling.
Joseph wields a +0 quarterstaff.
Joseph hits you with a +0 quarterstaff.
You closely miss Joseph.
Joseph is lightly wounded.
Joseph hits you with a +0 quarterstaff!
You puncture Joseph!
Joseph is moderately wounded.
Joseph hits you with a +0 quarterstaff!
* * * LOW HITPOINT WARNING * * *
You puncture Joseph! You kick Joseph, but do no damage.
Joseph is heavily wounded.
Joseph hits you with a +0 quarterstaff!
You die...

################
#...........@@.#
#.############.#
#.# # #.#######
#........
#.####### #.####
#.##.. #.##.#


You could see Joseph.

Vanquished Creatures
  A troll (D:7)
  Edmund (D:4)
  2 ice beasts (D:5)
  An orc warrior (D:6)
  2 ogres
  A centaur (D:5)
  A phantom (D:5)
  2 bullfrogs
  A necrophage (D:5)
  5 scorpions
  A howler monkey (D:6)
  2 hounds (D:5)
  A jelly (D:4)
  2 gnoll boudas
  6 orc priests
  Jessica (D:2)
  6 iguanas
  An orc wizard (D:3)
  8 gnolls
  3 adders
  A shadow imp (D:6)
  An ufetubus (D:6)
  2 worms
  2 dart slugs
  17 orcs
  4 ball pythons
  4 bats
  5 endoplasms
  5 goblins
  6 hobgoblins
  7 jackals
  A quokka (D:4)
  3 frilled lizards
  9 kobolds
  5 rats
120 creatures vanquished.

Notes
Turn   | Place    | Note
-------+----------+-------------------------------------------
     0 | D:1      | pacmanke6689 the Formicid Fighter began the quest for the
                  | Orb.
     0 | D:1      | Reached XP level 1. HP: 18/18 MP: 1/1
   111 | D:1      | Found a faded altar of an unknown god.
   196 | D:1      | Reached XP level 2. HP: 12/24 MP: 2/2
   917 | D:2      | Noticed Jessica
   920 | D:2      | Killed Jessica
   921 | D:2      | Reached XP level 3. HP: 24/30 MP: 3/3
  1044 | D:2      | Reached XP level 4. HP: 37/37 MP: 4/4
  1535 | D:2      | Learned a level 1 spell: Shock
  1962 | D:3      | Found a stormy altar of Qazlal.
  2110 | D:3      | Found a burning altar of Makhleb.
  2209 | D:3      | Reached XP level 5. HP: 42/42 MP: 5/5
  2469 | D:3      | Reached skill level 1 in Conjurations
  2469 | D:3      | Reached XP level 6. HP: 27/48 MP: 1/6
  2768 | D:3      | Reached skill level 5 in Armour
  3118 | D:3      | Reached skill level 1 in Dodging
  3748 | D:4      | Reached XP level 7. HP: 14/53 MP: 8/8
  3769 | D:4      | Reached skill level 5 in Shields
  4369 | D:4      | Reached skill level 1 in Polearms
  4407 | D:4      | Reached XP level 8. HP: 56/60 MP: 9/9
  4446 | D:4      | Found a shadowy altar of Dithmenos.
  4471 | D:4      | Noticed Edmund
  4492 | D:4      | Killed Edmund
  4905 | D:5      | Entered Level 5 of the Dungeon
  4919 | D:5      | Reached skill level 1 in Spellcasting
  5161 | D:5      | Reached skill level 1 in Air Magic
  5407 | D:5      | Found an iron altar of Okawaru.
  5449 | D:5      | Reached XP level 9. HP: 64/66 MP: 10/12
  5490 | D:5      | Reached skill level 5 in Polearms
  5790 | D:5      | Became a worshipper of Warmaster Okawaru
  6374 | D:6      | Found a staircase to the Ecumenical Temple.
  6744 | D:7      | Noticed a troll
  6750 | D:7      | Killed a troll
  6750 | D:7      | Reached * piety under Okawaru
  6751 | D:7      | Reached skill level 5 in Fighting
  6861 | D:7      | Noticed Joseph
  6862 | D:7      | Gained mutation: Your magical capacity is low. (-10% MP)
                  | [potion of mutation]
  6862 | D:7      | Gained mutation: You have large cloven feet. [potion of
                  | mutation]
  6881 | D:7      | Slain by Joseph

Illustrated notes

Levels and vault maps discovered:
D:1:      ebering_trefoil_3fold, layout_loops_ring, basic_ecumenical_altar,
          chequers_serial_rivers_micro_b, nicolae_titane
D:2:      layout_basic, uniq_jessica
D:3:      layout_basic, nicolae_overflow_hidden_temple,
          mainiacjoe_overflow_concentric_impassable, nicolae_hexahallways,
          wander_ebering_terrifying_dragon_lair
D:4:      layout_rooms, mainiacjoe_overflow_cross_hatched, hex_medium,
          nicolae_concentric_dashed_squares_mild, uniq_edmund
D:5:      layout_basic, mainiacjoe_overflow_paths
D:6:      layout_cave_pools, minmay_temple_entry_nine_rooms,
          serial_column_ruins, column_ruins_hut_water,
          column_ruins_circle_medium, column_ruins_open_medium,
          column_ruins_grid_3, column_ruins_columns_corner,
          column_ruins_open_large, column_ruins_open_tiny
D:7:      layout_loops_ring, mainiacjoe_overflow_boulevard,
          nicolae_ru_the_path_less_chosen, uniq_joseph

Skill      XL: |  1  2  3  4  5  6  7  8  9 |
---------------+----------------------------+-----
Staves         | 3 4 |  4.3
Armour         | 4 5 6 |  6.8
Conjurations   | 1 |  1.8
Dodging        | 1 2 3 |  3.8
Fighting       | 4 5 |  5.0
Shields        | 5 6 |  6.6
Polearms       | 2 4 5 |  5.9
Spellcasting   | 2 |  2.0
Air Magic      | 1 |  1.0
Stealth        | |  0.5

Action                   |  1- 3 |  4- 6 |  7- 9 || total
-------------------------+-------+-------+-------++-------
Melee: Quarterstaff      |    48 |   174 |    31 ||   253
       Trident           |       |       |   198 ||   198
       Kick              |       |       |     1 ||     1
 Cast: Shock             |       |     8 |    11 ||    19
  Use: Scroll            |       |     9 |     6 ||    15
       Potion            |       |     1 |     7 ||     8
Armor: Scale mail        |    32 |    68 |    64 ||   164
Dodge: Dodged            |    37 |    82 |   175 ||   294
Block: Buckler           |    16 |    48 |    73 ||   137
